 Dungeon Crawl Stone Soup version 0.28.0-47-ge53b351184 (console) character file.

Game seed: 17052006886036311821

322 Faeu the Skirmisher (level 6, -9/56 HPs)
             Began as a Minotaur Fighter on May 2, 2022.
             Was an Initiate of Trog.
             Mangled by an orc warrior
             ... wielding a +0 battleaxe
              (24 damage)
             ... on level 4 of the Dungeon.
             The game lasted 00:08:53 (2790 turns).

Faeu the Skirmisher (Minotaur Fighter)              Turns: 2790, Time: 00:08:53

Health: -9/56      AC:  7    Str: 23    XL:     6   Next: 22%
Magic:  5/5        EV:  9    Int:  5    God:    Trog [......]
Gold:   162        SH:  4    Dex:  9    Spells: 5/5 levels left

rFire   . . .      SeeInvis .   a - +0 war axe {axe}
rCold   . . .      Faith    .   c - +0 buckler
rNeg    . . .      Spirit   .   b - +0 scale mail
rPois   .          Reflect  .   (helmet restricted)
rElec   .          Harm     .   (no cloak)
rCorr   .          Rampage  .   (no gloves)
Will    .....                   (no boots)
Stlth   ..........              (no amulet)
HPRegen 0.18/turn               m - +4 ring of slaying
MPRegen 0.09/turn               (no ring)

@: no status effects
A: horns 2, retaliatory headbutt
a: Renounce Religion


You were on level 4 of the Dungeon.
You worshipped Trog.
Trog was noncommittal.
You visited 2 branches of the dungeon, and saw 5 of its levels.

You collected 162 gold pieces.


Innate Abilities, Weirdness & Mutations

You have a pair of horns on your head.
You reflexively headbutt those who attack you in melee.


   Skills:
 + Level 5.3 Fighting
 + Level 4.4 Axes
 + Level 5.2 Armour
 + Level 5.2 Shields


You had 5 spell levels left.
You didn't know any spells.
Your spell library contained the following spells:

 Spells                   Type           Power      Damage    Failure   Level
 Animate Skeleton         Necr           0%         N/A       86%         1
 Apportation              Tloc           0%         N/A       86%         1
 Summon Small Mammal      Summ           0%         N/A       86%         1
 Ensorcelled Hibernation  Hex/Ice        0%         N/A       94%         2
 Passwall                 Tmut/Erth      0%         N/A       94%         2
 Swiftness                Air            0%         N/A       99%         3
 Alistair's Intoxication  Tmut/Pois      0%         N/A       100%        5

Inventory:

Hand Weapons
 a - a +0 war axe (weapon) {axe}
 p - a +5 club {mace}
   (You took it off Robin on level 2 of the Dungeon)
 t - a +3 vorpal hand axe {axe}
   (You found it on level 4 of the Dungeon)
 v - a +2 morningstar of flaming {mace}
   (You found it on level 4 of the Dungeon)
Armour
 b - a +0 scale mail (worn)
 c - a +0 buckler (worn)
Jewellery
 m - a +4 ring of slaying (left hand)
   (You found it on level 2 of the Dungeon)
 o - a ring of poison resistance
   (You found it on level 2 of the Dungeon)
Scrolls
 e - a scroll of torment {unknown}
 f - a scroll of magic mapping {unknown}
 h - a scroll of teleportation {unknown}
 k - a scroll of holy word {unknown}
 n - 2 scrolls of vulnerability {unknown}
 q - 2 scrolls of fear {unknown}
 r - a scroll of silence {unknown}
 u - a scroll of identify {unknown}
 w - a scroll of enchant armour {unknown}
Potions
 d - 3 potions of might
 g - a potion of haste {unknown}
 i - a potion of degeneration {unknown}
 j - a potion of lignification {unknown}
 l - 2 potions of berserk rage {unknown}
 s - a potion of attraction {unknown}

Dungeon Overview and Level Annotations

Branches:
Dungeon (4/15)             Temple (1/1) D:4

Altars:
Cheibriados
Dithmenos
Elyvilon
Fedhas
Gozag
Nemelex Xobeh
Okawaru
Qazlal
Sif Muna
Trog
Uskayaw
Wu Jian
Xom
Yredelemnul
Zin

Shops:
D:1 *[   D:2 =

Annotations:
D:3 2 transporters, Sverke's ghost, amateur FoFi

#...........#
#.........(.#
###...........####
..............'...
##............####
..............#
...###..#######
####....# #
#.#.)#..#
..#..###))##..#
#.....o@..##..#
#.#...#.8###..#
#.8..$.# #..#
##...##. #..# ##.
#.#..# .. .#..#
##. # ##


You could see an orc warrior.


Message History

The dart slug launches a dart at you. You block the slug dart.
You slash the dart slug!
You kill the dart slug!
Trog accepts your kill.
You see here a dart slug corpse.
v - a +2 morningstar of flaming {mace}
w - a scroll labelled JISHRY QO TIH You now have 162 gold pieces (gained 10).
There is a dry fountain here.
You pick up a book of Cantrips {forbidden} and begin reading...
You add the spells Animate Skeleton and Summon Small Mammal to your library.
You see here a dart slug corpse.
You pick up a book of Burglary {forbidden} and begin reading...
You add the spells Passwall, Ensorcelled Hibernation and Swiftness to your library.
You open the door.
There is an open door here.
An orc wizard comes into view. It is wielding a +0 dagger.
The orc wizard shouts!
You hear a shout! x2
The orc wizard gestures at you while chanting.
The magic dart hits you.
You hear a shout! 😕 HP[-4]
You take 4 damage, and now have 44/48 hp. 2 orcs come into view.
The orc shouts! x2
You block the orc wizard's attack. 😕 HP[+1]
You hit the orc wizard. You headbutt the orc wizard!
You kill the orc wizard!
Trog accepts your kill.
Trog appreciates your killing of a magic user.
You have reached level 6! 😕 HP[+7] MP[+1]
You now have 56 max hp (+8).
You regained 7 hp, and now have 52/56 hp.
Your mp is fully restored (5).
An orc comes into view. It is wielding a +0 dagger.
The orc shouts!
You block the orc's attack.
An orc priest comes into view. It is wielding a +1 whip of venom.
The orc moves out of view. 😕 HP[+1]
You barely miss the orc. The orc barely misses you. You block the orc's attack.
The orc hits you but does no damage.
You slash the orc!
You kill the orc!
Trog accepts your kill.
You slash the orc!
You kill the orc!
Trog accepts your kill.
The orc throws a stone.
The stone closely misses you.
The orc priest looks braver for a moment.
An orc warrior comes into view. It is wielding a +0 battleaxe.
Things that are here:
a +0 club {mace}; 13 gold pieces You barely miss the orc priest.
You hit the orc. The orc priest misses you. The orc barely misses you.
You hit the orc priest. You headbutt the orc priest!
You completely miss the orc.
The orc priest calls upon Beogh to heal the orc.
The orc's wounds heal themselves!
The orc hits you but does no damage. You block the orc priest's attack.
The orc hits you with a +0 dagger.
You barely miss the orc priest. Your headbutt misses the orc priest.
You slash the orc!
You kill the orc!
Trog accepts your kill.
The orc priest hits you with a +1 whip of venom.
You are poisoned. 😕 HP[-2]
You take 2 damage, and now have 51/56 hp.
You hit the orc priest but do no damage.
You headbutt the orc priest.
You kill the orc priest!
Trog accepts your kill.
You feel sick. 😕 HP[-2]
You take 2 damage, and now have 49/56 hp.
You feel sick.
The orc warrior hits you with a +0 battleaxe.
Things that are here:
a +0 dagger {short}; 39 stones {throwing}; an orc corpse 😕 HP[-6]
You take 6 damage, and now have 43/56 hp.
You closely miss the orc warrior.
You feel sick.
You block the orc warrior's attack. 😮 HP[-1]
You take 1 damage, and now have 42/56 hp.
You hit the orc warrior. Your headbutt misses the orc warrior.
You feel sick.
The orc warrior hits you with a +0 battleaxe!
* * * LOW HITPOINT WARNING * * *
The orc warrior hits you with a +0 battleaxe!
* * * LOW HITPOINT WARNING * * *
😨 HP[-26]
You take 26 damage, and now have 16/56 hp.
MASSIVE DAMAGE!! (PAUSE)
You hit the orc warrior. Your headbutt misses the orc warrior.
You feel sick.
You are no longer poisoned.
The orc warrior hits you with a +0 battleaxe!!
You die...

Skill      XL: |  1  2  3  4  5 |
---------------+----------------+-----
Fighting       | 4 5 |  5.3
Armour         | 4 5 |  5.2
Shields        | 4 5 |  5.2
Axes           | 3 4 |  4.4

Action                   |  1- 3 |  4- 6 || total
-------------------------+-------+-------++-------
Melee: War axe           |    78 |   100 ||   178
       Headbutt          |     9 |    13 ||    22
Armor: Scale mail        |    48 |    33 ||    81
Dodge: Dodged            |    43 |    40 ||    83
Block: Buckler           |    25 |    25 ||    50

Levels and vault maps discovered:
D:1:      erik_arrival_orb_chamber, layout_rooms,
          ebering_ecumenical_altar_petrified, serial_shops, shop, shop,
          corexii_hall_statues_x
D:2:      layout_basic, serial_shops, nicolae_shop_statue_plus, uniq_robin
D:3:      layout_basic, gammafunk_ghost_arena
D:4:      minmay_general_purpose_star, layout_basic,
          mainiacjoe_overflow_catwalk, temple_fountains, guppyfry_early_orc_mine
Temple:   nicolae_temple_no_exploring_needed

Notes
Turn   | Place    | Note
-------+----------+-------------------------------------------
     0 | D:1      | Faeu the Minotaur Fighter began the quest for the Orb.
     0 | D:1      | Reached XP level 1. HP: 19/19 MP: 0/0
     0 | D:1      | magus.rc [v1.9.6]
    11 | D:1      | Found Guxeshe's Antique Armour Shoppe.
    51 | D:1      | Found a faded altar of an unknown god.
    83 | D:1      | Found Hevoalez's General Store.
    95 | D:1      | Reached XP level 2. HP: 27/27 MP: 1/1
   356 | D:1      | Reached skill level 4 in Fighting
   356 | D:1      | Reached skill level 4 in Armour
   356 | D:1      | Reached skill level 4 in Shields
   509 | D:1      | Reached skill level 3 in Axes
   562 | D:1      | Reached XP level 3. HP: 33/33 MP: 2/2
   790 | D:2      | You pick up a book of Party Tricks and begin reading...
   790 | D:2      | You add the spells Apportation and Alistair's Intoxication
                  | to your library.
  1026 | D:2      | Noticed Robin
  1031 | D:2      | Reached XP level 4. HP: 38/41 MP: 3/3
  1036 | D:2      | Killed Robin
  1159 | D:2      | Found Porchiuhe's Jewellery Boutique.
  1609 | D:3      | Reached XP level 5. HP: 19/47 MP: 4/4
  1619 | D:3      | Noticed Sverke's ghost (amateur FoFi)
  1901 | D:3      | Found a transporter.
  1902 | D:3      | Found a transporter.
  1904 | D:3      | Reached skill level 4 in Axes
  2480 | D:4      | Found a staircase to the Ecumenical Temple.
  2490 | Temple   | Entered the Ecumenical Temple
  2514 | D:4      | Reached skill level 5 in Fighting
  2591 | Temple   | Became a worshipper of Trog the Wrathful
  2655 | D:4      | Reached skill level 5 in Armour
  2655 | D:4      | Reached skill level 5 in Shields
  2733 | D:4      | You pick up a book of Cantrips {forbidden} and begin
                  | reading...
  2733 | D:4      | You add the spells Animate Skeleton and Summon Small Mammal
                  | to your library.
  2753 | D:4      | You pick up a book of Burglary {forbidden} and begin
                  | reading...
  2753 | D:4      | You add the spells Passwall, Ensorcelled Hibernation and
                  | Swiftness to your library.
  2779 | D:4      | Reached XP level 6. HP: 52/56 MP: 5/5
  2782 | D:4      | Noticed an orc warrior
  2790 | D:4      | Mangled by an orc warrior

Vanquished Creatures
  A howler monkey (D:4)
  An orc priest (D:4)
  3 orc wizards
  Robin (D:2)
  A howler monkey skeleton (D:3)
  6 adders
  A worm (D:2)
  5 dart slugs
  6 orcs
  6 ball pythons
  3 bats
  7 endoplasms
  2 giant cockroaches
  11 goblins
  11 hobgoblins
  8 jackals
  5 quokkas
  3 frilled lizards
  3 kobolds
  9 rats
93 creatures vanquished.

Table legend:
 A = Non-vault XP
 B = Vault XP
 C = Vault XP percentage of total XP
 D = Non-vault monster count
 E = Vault monster count
 F = Vault count percentage of total count
                 A         B        C        D         E       F
            +---------+---------+-------+---------+---------+-------
      Total |     325 |     136 |  29.5 |      77 |      16 |  17.2
            +---------+---------+-------+---------+---------+-------
        D:1 |      49 |       0 |   0.0 |      26 |       0 |   0.0
        D:2 |      55 |      27 |  32.9 |      18 |       7 |  28.0
        D:3 |     154 |       0 |   0.0 |      30 |       0 |   0.0
        D:4 |      67 |     109 |  61.9 |       3 |       9 |  75.0
            +---------+---------+-------+---------+---------+-------

Illustrated notes

Table legend:
 A = Kills in this place as a percentage of kills in entire the game.
 B = Kills by you in this place as a percentage of kills by you in the entire game.
 C = Kills by friends in this place as a percentage of kills by friends in the entire game.
 D = Other kills in this place as a percentage of other kills in the entire game.
 E = Experience gained in this place as a percentage of experience gained in the entire game.
 F = Experience gained in this place divided by the number of levels of this place that you have seen.
                   A       B       C       D       E      F
               +-------+-------+-------+-------+-------+----------------------
         Total | 100.0 | 100.0 |   N/A |   N/A | 100.0 |  92.2
       Dungeon | 100.0 | 100.0 |   N/A |   N/A | 100.0 | 115.2
               +-------+-------+-------+-------+-------+----------------------

Table legend: (Time is in decaauts)
 A = Elapsed time spent in this place.
 B = Non-inter-level travel time spent in this place.
 C = Inter-level travel time spent in this place.
 D = Time resting spent in this place.
 E = Time spent auto-exploring this place.
 F = Levels seen in this place.
 G = Mean time per level.
                   A        B        C        D        E       F      G
               +--------+--------+--------+--------+--------+-----+--------+
         Total |   2854 |   2782 |     72 |      0 |   1743 |   5 |  570.8 |
       Dungeon |   2812 |   2740 |     72 |      0 |   1743 |   4 |  703.0 |
        Temple |     41 |     41 |      0 |      0 |      0 |   1 |   41.0 |
               +--------+--------+--------+--------+--------+-----+--------+

Top non-repeatable levels by time:
     D:3: 999 daAuts
     D:1: 801 daAuts
     D:2: 697 daAuts
     D:4: 314 daAuts
  Temple: 41 daAuts
